 Dungeon Crawl Stone Soup version 0.31.0-12-g77e489cdc1 (webtiles) character file.

Game seed: 8322040520461072824

119 Curundu the Trooper (level 5, -4/63 HPs)
             Began as a Merfolk Berserker on Feb 16, 2024.
             Was a Believer of Trog.
             Slain by an orc
             ... wielding a +2 flail of protection
              (11 damage)
             ... on level 3 of the Dungeon.
             The game lasted 00:04:54 (2147 turns).

Curundu the Trooper (Merfolk Berserker)             Turns: 2147, Time: 00:04:55

Health: -4/63      AC:  5    Str: 19    XL:     5   Next: 3%
Magic:  5/5        EV: 12    Int:  7    God:    Trog [**....]
Gold:   134        SH:  0    Dex: 13    Spells: 4/4 levels left

rFire   . . .        a - +0 hand axe
rCold   . . .        (no shield)
rNeg    . . .        l - +0 ring mail
rPois   .            (no helmet)
rElec   .            (no cloak)
rCorr   .            (no gloves)
SInv    .            (no boots)
Will    .....        (no amulet) Stlth
                     (no ring)
HPRegen 0.30/turn    (no ring)
MPRegen 0.09/turn

%: no passive effects
@: berserking, very quick
A: (nimble swimmer 2), mertail
a: Renounce Religion, Berserk, Trog's Hand


You were on level 3 of the Dungeon.
You worshipped Trog.
Trog was pleased with you.
You visited 1 branch of the dungeon, and saw 3 of its levels.

You collected 134 gold pieces.

Inventory:

Hand Weapons
 a - a +0 hand axe (weapon)
Missiles
 n - 4 boomerangs (quivered)
 r - 3 javelins
Armour
 l - a +0 ring mail (worn)
Jewellery
 h - a ring of fire
Scrolls
 b - a scroll of blinking {unknown}
 d - a scroll of brand weapon {unknown}
 e - a scroll of teleportation {unknown}
 g - a scroll of immolation {unknown}
 j - a scroll of poison {unknown}
 k - a scroll of fear {unknown}
 p - a scroll of identify {unknown}
Potions
 c - a potion of berserk rage {unknown}
 f - a potion of might {unknown}
 i - a potion of ambrosia {unknown}
 m - 2 potions of curing {unknown}
 o - a potion of enlightenment {unknown}
 q - a potion of heal wounds {unknown}


   Skills:
 + Level 4.2 Fighting
 + Level 3.5 Axes
 + Level 1.8 Armour
 + Level 3.5 Dodging
 + Level 0.6 Stealth


You had 4 spell levels left.
You didn't know any spells.
Your spell library was empty.

Dungeon Overview and Level Annotations

Branches:
Dungeon (3/15)

Altars:
Vehumet


Innate Abilities, Weirdness & Mutations

((You are very nimble when in or above water. (Stealth+, EV+, Speed+++)))
Your lower body shifts to a powerful aquatic tail in water.


Message History

You hit the orc but do no damage. The orc priest barely misses you.
The orc hits you with a +2 flail of protection.
You closely miss the orc priest.
The orc priest is heavily wounded.
You closely miss the orc.
You feel the effects of Trog's Hand fading.
The orc priest hits you with a +0 whip.
The orc hits you with a +2 flail of protection!
* * * LOW HITPOINT WARNING * * *
A red film seems to cover your vision as you go berserk!
You feel yourself moving faster!
You feel mighty!
The orc priest mumbles some strange prayers to Beogh against you.
Pain shoots through your body!
* * * LOW HITPOINT WARNING * * *
The orc hits you but does no damage.
You barely miss the orc priest.
The orc priest is heavily wounded.
You hit the orc but do no damage. The orc priest hits you with a +0 whip.
* * * LOW HITPOINT WARNING * * *
The orc hits you with a +2 flail of protection!
* * * LOW HITPOINT WARNING * * *
You hit the orc priest.
The orc priest is severely wounded.
You closely miss the orc. The orc priest hits you with a +0 whip.
* * * LOW HITPOINT WARNING * * *
The orc barely misses you.
You closely miss the orc priest.
The orc priest is severely wounded.
You barely miss the orc. You hit the orc priest.
You kill the orc priest!
Trog accepts your kill.
You hit the orc but do no damage. The orc barely misses you.
You have reached level 5!
You feel clever.
You barely miss the orc. You hit the orc.
Your skin stops crawling.
You feel less strong-willed. The orc closely misses you.
The orc hits you with a +2 flail of protection!
You die...

... ... ...
#.# ## #.#
#. #.# #.#
#o#
#..###@#
#....o.#
#....###
#...#####.#
#.........#
#.###.#####
#. #.# #
#.# #.#


You could see 2 orcs.

Vanquished Creatures
  An orc priest (D:3)
  3 adders
  4 dart slugs
  A ribbon worm (D:2)
  2 orcs (D:3)
  4 bats (D:1)
  6 endoplasms (D:1)
  A giant cockroach (D:1)
  5 goblins
  4 hobgoblins (D:1)
  3 jackals (D:1)
  2 quokkas (D:2)
  6 ball pythons
  A frilled lizard (D:1)
  3 kobolds
  3 rats
49 creatures vanquished.

Notes
Turn   | Place    | Note
-------+----------+-------------------------------------------
     0 | D:1      | Curundu the Merfolk Berserker began the quest for the Orb.
     0 | D:1      | Reached XP level 1. HP: 18/18 MP: 1/1
   177 | D:1      | Reached XP level 2. HP: 22/24 MP: 2/2
   662 | D:1      | Reached XP level 3. HP: 30/30 MP: 3/3
   663 | D:1      | Reached ** piety under Trog
  1653 | D:2      | Reached skill level 4 in Fighting
  1658 | D:2      | Reached XP level 4. HP: 32/37 MP: 4/4
  1772 | D:2      | Found a radiant altar of Vehumet.
  2147 | D:3      | Reached XP level 5. HP: 7/42 MP: 5/5
  2147 | D:3      | Slain by an orc

Illustrated notes

Levels and vault maps discovered:
D:1:      arrival_zaba_pyramid, layout_basic
D:2:      layout_basic, basic_altar
D:3:      cheibrodos_fertilizer, layout_loops_ring, basic_ecumenical_altar

Skill      XL: |  1  2  3 |
---------------+----------+-----
Dodging        | 3 |  3.5
Axes           | 3 |  3.5
Fighting       | 4 |  4.2
Armour         | |  1.8
Stealth        | |  0.6

Action                     |  1- 3 |  4- 6 || total
---------------------------+-------+-------++-------
  Melee: Hand axe          |   111 |    49 ||   160
 Invoke: Berserk           |       |     1 ||     1
         Trog's Hand       |       |     1 ||     1
   Stab: Sleeping          |     1 |       ||     1
 Armour: Animal skin       |    41 |       ||    41
         Ring mail         |    20 |    50 ||    70
  Dodge: Dodged            |    97 |    36 ||   133
